 Dungeon Crawl Stone Soup version 0.21-a0-522-ga8338f0 (webtiles) character file.

476 aronpayne the Cudgeler (level 6, -3/49 HPs)
             Began as a Demonspawn Fighter on Dec 7, 2017.
             Was a Follower of Okawaru.
             Slain by an orc warrior
             ... wielding a +3 flail
              (23 damage)
             ... on level 7 of the Dungeon.
             The game lasted 00:16:42 (3427 turns).

aronpayne the Cudgeler (Demonspawn Fighter)         Turns: 3427, Time: 00:16:42

Health: -3/49      AC:  7    Str: 18    XL:     6   Next: 85%
Magic:  5/6        EV: 10    Int: 10    God:    Okawaru [*.....]
Gold:   169        SH:  9    Dex: 12    Spells: 5/5 levels left

rFire    . . .     SeeInvis .   a - +0 flail
rCold    . . .     Gourm    +   c - +0 shield
rNeg     . . .     Faith    .   b - +0 scale mail
rPois    .         Spirit   .   (no helmet)
rElec    .         Reflect  .   (no cloak)
rCorr    .         Harm     .   (no gloves)
MR       .....                  (no boots)
Stlth    ..........             k - amulet of the gourmand
HPRegen  0.16/turn              (no ring)
MPRegen  0.10/turn              (no ring)

@: no status effects
A: hooves 1, repulsion field 2
a: Heroism, Renounce Religion


You were on level 7 of the Dungeon.
You worshipped Okawaru.
Okawaru was aware of your devotion.
You were very full.

You visited 2 branches of the dungeon, and saw 6 of its levels.

You collected 169 gold pieces.

Inventory:

Hand Weapons
 a - a +0 flail (weapon)
Missiles
 j - 3 steel tomahawks (quivered)
Armour
 b - a +0 scale mail (worn)
 c - a +0 shield (worn)
Jewellery
 k - an amulet of the gourmand (around neck)
Scrolls
 d - 2 scrolls of teleportation {unknown}
 e - a scroll of fog {unknown}
 h - 2 scrolls of amnesia {unknown}
 i - 2 scrolls of identify
 m - a scroll of enchant armour {unknown}
 n - a scroll of immolation {unknown}
 s - a scroll of enchant weapon {unknown}
 t - a scroll of magic mapping {unknown}
 v - a scroll of blinking {unknown}
 w - a scroll of remove curse {unknown}
Potions
 g - a potion of curing {unknown}
 l - a potion of agility {unknown}
 q - a potion of flight {unknown}
 r - a potion of heal wounds {unknown}
 u - a potion of degeneration {unknown}
Comestibles
 f - 4 bread rations
 o - 2 meat rations
 p - 2 chunks of flesh


   Skills:
 + Level 4.4 Fighting
 * Level 4.4 Maces & Flails
 + Level 3.9 Armour
 + Level 3.9 Shields


You had 5 spell levels left.
You didn't know any spells.

Dungeon Overview and Level Annotations

Branches:
Dungeon (4/15)             Temple (1/1) D:4

Altars:
Ashenzari
Cheibriados
Dithmenos
Elyvilon
Gozag
Hepliaklqana
Makhleb
Nemelex Xobeh
Okawaru
Ru
Trog
Wu Jian
Xom
Yredelemnul
The Shining One


Innate Abilities, Weirdness & Mutations

You have large cloven feet.
You are surrounded by a moderate repulsion field. (EV +3)


Message History

The orc warrior is heavily wounded.
You block the orc warrior's attack.
You hit the orc warrior but do no damage.
You kick the orc warrior, but do no damage.
The orc warrior is heavily wounded.
The orc warrior hits you with an enchanted flail!
Your shield and scale mail prevent you from hitting the orc warrior.
The orc warrior is heavily wounded.
The orc warrior hits you with an enchanted flail.
You barely miss the orc warrior. Your kick misses the orc warrior.
The orc warrior is heavily wounded.
You hit the orc warrior but do no damage.
Your kick misses the orc warrior.
The orc warrior is heavily wounded.
You feel like a meek peon again. You block the orc warrior's attack.
You hit the orc warrior but do no damage.
The orc warrior is heavily wounded.
The orc warrior hits you with an enchanted flail!!
You die...

+.......# . # #.......#
..### #. +.......# .....
###.##.......##
#..o..#...........('#
#.....#.#.#........'####
#.....)o.....####.......
#o#.......'.......
#@#..##.###.......
#.#...............
#....##.##........
#######.####+##### ..#
... ... ..... ...


You could see an orc warrior and an orc.

Vanquished Creatures
  A hippogriff (D:4)
  A hound (D:7)
  An orc wizard (D:7)
  Natasha (thrice) (D:3)
  A hound zombie (D:4)
  3 adders
  A shadow imp (D:7)
  2 oozes
  3 worms
  4 dart slugs
  A leopard gecko (D:1)
  3 orcs
  A ball python (D:2)
  4 giant cockroaches
  12 goblins
  5 hobgoblins
  5 jackals
  3 quokkas
  7 bats
  3 frilled lizards
  14 kobolds
  7 rats
85 creatures vanquished.

Notes
Turn   | Place    | Note
-------+----------+-------------------------------------------
     0 | D:1      | aronpayne the Demonspawn Fighter began the quest for the Orb.
     0 | D:1      | Reached XP level 1. HP: 18/18 MP: 1/1
   335 | D:1      | Gained mutation: You have large cloven feet. [demonic ancestry]
   335 | D:1      | Reached XP level 2. HP: 24/24 MP: 2/2
   768 | D:1      | Reached XP level 3. HP: 29/29 MP: 3/3
  1640 | D:2      | Gained mutation: You are surrounded by a mild repulsion field. (EV +2) [demonic ancestry]
  1640 | D:2      | Reached XP level 4. HP: 35/35 MP: 4/4
  1970 | D:3      | Found a burning altar of Makhleb.
  2289 | D:3      | Noticed Natasha
  2299 | D:3      | Killed Natasha
  2493 | D:3      | Gained mutation: You are surrounded by a moderate repulsion field. (EV +3) [demonic ancestry]
  2493 | D:3      | Reached XP level 5. HP: 40/42 MP: 5/5
  2550 | D:3      | Noticed Natasha
  2565 | D:3      | Killed Natasha
  2638 | D:3      | Noticed Natasha
  2644 | D:3      | Killed Natasha
  3136 | D:4      | Found a staircase to the Ecumenical Temple.
  3150 | Temple   | Entered the Ecumenical Temple
  3190 | Temple   | Became a worshipper of Warmaster Okawaru
  3279 | D:4      | Noticed a hippogriff
  3287 | D:4      | Killed a hippogriff
  3287 | D:4      | Reached * piety under Okawaru
  3287 | D:4      | Reached XP level 6. HP: 40/48 MP: 6/6
  3356 | D:4      | You fall through a shaft for 3 floors!
  3404 | D:7      | Noticed an orc warrior
  3427 | D:7      | Slain by an orc warrior

Vault maps used:
D:1:      wheals_arrival_shading
D:2:      first_bread, kennysheep_generic_room_4
D:3:      overflow_temple_1_default, minmay_misc_feat_columns, uniq_natasha
D:4:      minmay_temple_entry_overgrown, kennysheep_another_room,
          trog_eyes_of_draining
D:7:      amethyst_overflow_temple_binary, uniq_duvessa
Temple:   jpeg_temple_clearing

Skill      XL: |  1  2  3  4  5 |
---------------+----------------+-----
Maces & Flails | 2 3 4 |  4.4
Shields        | 3 |  3.9
Armour         | 3 |  3.9
Fighting       | 4 |  4.4

Action                   |  1- 3 |  4- 6 || total
-------------------------+-------+-------++-------
Melee: Flail             |   155 |   161 ||   316
       Kick              |    30 |    34 ||    64
Throw: Tomahawk          |     7 |    15 ||    22
Invok: Heroism           |       |     1 ||     1
  Use: Potion            |     1 |       ||     1
       Scroll            |       |     1 ||     1
  Eat: Chunk             |    17 |     9 ||    26
Armor: Scale mail        |   100 |    53 ||   153
Dodge: Dodged            |    58 |    56 ||   114
Block: Shield            |    88 |    80 ||   168

Table legend:
 A = Spawn XP
 B = Non-spawn XP
 C = Spawn XP percentage of total XP
 D = Spawn monster count
 E = Non-spawn monster count
 F = Spawn count percentage of total count
 G = Total turns spent on level
                    A         B        C        D         E        F      G
               +---------+---------+-------+---------+---------+-------+---------
         Total |       0 |     681 |   0.0 |       0 |      85 |   0.0 |  3427
               +---------+---------+-------+---------+---------+-------+---------
           D:1 |       0 |      48 |   0.0 |       0 |      24 |   0.0 |   857
           D:2 |       0 |      71 |   0.0 |       0 |      30 |   0.0 |  1109
           D:3 |       0 |     170 |   0.0 |       0 |      22 |   0.0 |  1101
           D:4 |       0 |     288 |   0.0 |       0 |       4 |   0.0 |   198
           D:7 |       0 |     104 |   0.0 |       0 |       5 |   0.0 |    71
               +---------+---------+-------+---------+---------+-------+---------
